 Dungeon Crawl Stone Soup version 0.22.1-1-ga44c0e56f4 (webtiles) character file.

87 Ihlosi the Skirmisher (level 4, -6/50 HPs)
             Began as an Ogre Fighter on Oct 30, 2018.
             Mangled by Natasha (9 damage)
             ... on level 2 of the Dungeon.
             The game lasted 00:05:16 (1945 turns).

Ihlosi the Skirmisher (Ogre Fighter)                Turns: 1945, Time: 00:05:16

Health: -6/50      AC:  3    Str: 20    XL:     4   Next: 51%
Magic:  13/13      EV:  8    Int:  9    God:
Gold:   41         SH:  8    Dex:  9    Spells: 3/3 levels left

rFire    . . .     SeeInvis .   j - +0 mace
rCold    . . .     Gourm    .   c - +0 shield
rNeg     . . .     Faith    .   b - +0 robe
rPois    .         Spirit   .   (helmet restricted)
rElec    .         Reflect  .   (no cloak)
rCorr    .         Harm     .   (gloves unavailable)
MR       .....                  (boots unavailable)
Stlth    +.........             i - amulet of inaccuracy (curse)
HPRegen  0.16/turn              e - ring of magical power
MPRegen  0.13/turn              (no ring)

@: about to teleport
A: large, unfitting armour, tough skin 1
a: no special abilities


You were on level 2 of the Dungeon.
You were hungry.

You visited 1 branch of the dungeon, and saw 2 of its levels.

You collected 41 gold pieces.

Inventory:

Hand Weapons
 a - a +0 flail
 j - a +0 mace (weapon)
Armour
 b - a +0 robe (worn)
 c - a +0 shield (worn)
Jewellery
 e - a ring of magical power (left hand)
 h - an uncursed amulet of faith
 i - a cursed amulet of inaccuracy (around neck)
Scrolls
 g - 2 scrolls of teleportation
Comestibles
 d - 3 chunks of flesh
 f - 2 rations


   Skills:
 * Level 5.6 Fighting
 + Level 2.6 Maces & Flails
 - Level 3.0 Dodging
 - Level 3.0 Shields


You had 3 spell levels left.
You didn't know any spells.
Your spell library was empty.

Dungeon Overview and Level Annotations

Branches:
Dungeon (2/15)

Altars:

Annotations:
D:2 Natasha


Innate Abilities, Weirdness & Mutations

You are too large for most types of armour.
You have tough skin. (AC +1)


Message History

You hit Natasha but do no damage.
Natasha is heavily wounded.
The crimson imp blinks!
Natasha closely misses you.
You hit Natasha but do no damage.
Natasha is heavily wounded.
The white imp disappears in a puff of smoke!
You block Natasha's attack. x2
Your shield prevents you from hitting Natasha.
Natasha is heavily wounded.
The crimson imp blinks!
Natasha claws you.
* * * LOW HITPOINT WARNING * * *
You closely miss Natasha.
Natasha is heavily wounded.
Natasha claws you but does no damage.
As you read the scroll of teleportation, it crumbles to dust.
You feel strangely unstable. You block Natasha's attack.
You barely miss Natasha.
Natasha is heavily wounded.
Natasha completely misses you. Natasha claws you!
You die...

...........
..........#
#........#
#........#
#........#
##........#
.......55.# #h#
########@###
...........#
...........#
...........#####
...............#
...............#
...............#
#########......#
. ##.##### ..


You could see Natasha, a crimson imp and a white imp.

Vanquished Creatures
  Natasha (twice) (D:2)
  An ooze (D:2)
  A worm (D:2)
  2 dart slugs
  A leopard gecko (D:2)
  4 hobgoblins (D:1)
  3 kobolds (D:2)
  4 bats
  6 frilled lizards
  4 goblins (D:1)
  A rat (D:1)
29 creatures vanquished.

Notes
Turn   | Place    | Note
-------+----------+-------------------------------------------
     0 | D:1      | Ihlosi the Ogre Fighter began the quest for the Orb.
     0 | D:1      | Reached XP level 1. HP: 24/24 MP: 1/1
   254 | D:1      | Reached XP level 2. HP: 10/32 MP: 2/2
  1265 | D:2      | Noticed Natasha
  1272 | D:2      | Noticed a crimson imp
  1273 | D:2      | Noticed a crimson imp
  1278 | D:2      | Killed Natasha
  1278 | D:2      | Reached skill level 5 in Fighting
  1278 | D:2      | Reached XP level 3. HP: 8/42 MP: 3/3
  1764 | D:2      | Reached XP level 4. HP: 43/50 MP: 4/4
  1786 | D:2      | Noticed Natasha
  1795 | D:2      | Killed Natasha
  1909 | D:2      | Noticed Natasha
  1942 | D:2      | HP: 2/50 [Natasha (5)]
  1945 | D:2      | Mangled by Natasha

Skill      XL: |  1  2 |
---------------+-------+-----
Dodging        | 3 |  3.0
Shields        | 3 |  3.0
Maces & Flails | 2 |  2.6
Fighting       | 5 |  5.6

Action                   |  1- 3 |  4- 6 || total
-------------------------+-------+-------++-------
Melee: Flail             |   107 |       ||   107
       Mace              |       |    42 ||    42
  Use: Scroll            |     3 |     1 ||     4
       Potion            |     1 |       ||     1
  Eat: Chunk             |     3 |       ||     3
Armor: Robe              |    26 |     7 ||    33
Dodge: Dodged            |    32 |     8 ||    40
Block: Shield            |    32 |    21 ||    53
